 Dungeon Sprint DCSS version 0.31-a0-1074-g0b22e4e0f1 (webtiles) character file.

Game seed: 7072511925731743271

0 rocky1 the Trooper (level 1, -1/15 HPs)
             Began as a Gargoyle Fighter on Nov 28, 2023.
             Was an Initiate of Gozag.
             Slain by Sigmund
             ... wielding a +0 scythe
              (10 damage)
             ... in the Dungeon (Sprint VI: "Thunderdome").
             The game lasted 00:00:29 (66 turns).

rocky1 the Trooper (Gargoyle Fighter)                 Turns: 66, Time: 00:00:30

Health: -1/15      AC:  9    Str: 19    XL:     1   Next: 70%
Magic:  1/1        EV:  9    Int:  8    God:    Gozag
Gold:   245        SH:  4    Dex:  9    Spells: 0/0 levels left

rFire   . . .        a - +0 flail
rCold   . . .        c - +0 buckler
rNeg    + . .        b - +0 scale mail
rPois   ∞            (no helmet)
rElec   +            (no cloak)
rCorr   .            (no gloves)
SInv    .            (no boots)
Will    .....        (no amulet) Stlth
                     (no ring)
HPRegen 0.22/turn    (no ring)
MPRegen 0.07/turn

%: no teleportation
@: no status effects
A: sickness immunity, AC +2, negative energy resistance 1, electricity
resistance, torment resistance 1, petrification resistance
a: Renounce Religion, Potion Petition, Call Merchant, Bribe Branch


You were in the Dungeon.
You worshipped Gozag.
Gozag was aware of your devotion.
You visited 1 branch You collected 245 gold pieces.

Inventory:

Hand Weapons
 a - a +0 flail (weapon)
Armour
 b - a +0 scale mail (worn)
 c - a +0 buckler (worn)
Wands
 l - a wand of acid (1) (quivered)
 m - a wand of roots (5)
Scrolls
 j - 4 scrolls of blinking
 n - 3 scrolls of fog
Potions
 d - a potion of might
 e - a potion of curing
 f - 4 potions of heal wounds
 g - 4 potions of haste
 h - 2 potions of magic
 i - a potion of berserk rage
 k - a potion of resistance


   Skills:
 + Level 3.8 Fighting
 + Level 2.2 Maces & Flails
 + Level 3.8 Armour
 + Level 3.8 Shields


You couldn't memorise any spells.
You didn't know any spells.
Your spell library was empty.

Dungeon Overview and Level Annotations

Branches:
Dungeon (1/1)

Altars:
Cheibriados
Dithmenos
Fedhas
Gozag
Kikubaaqudgha
Makhleb
Okawaru
Qazlal
Ru
Sif Muna
Trog
Uskayaw
Vehumet
Wu Jian
Xom
Yredelemnul
Zin
The Shining One
Lugonu

Shops:
D *[=??*?*:[((!!!!

Annotations:
D Sigmund


Innate Abilities, Weirdness & Mutations

You are immune to sickness and miasma.
Your stone body is resilient. (AC +2)
You are immune to poison.
You resist negative energy. (rN+)
You are resistant to electric shocks. (rElec)
You are resistant to unholy torment.
You are immune to petrification.


Message History

The worm is heavily wounded.
The worm completely misses you.
You hit the worm.
The worm is severely wounded.
You sock the worm!
You kill the worm!
No target in view!
You now have 245 gold pieces (gained 45).
Sigmund the Dreaded comes into view.
He is wielding a +0 scythe.
Sigmund shouts!
Sigmund's eyes start glowing with a red light.
Aiming: Corrosive Bolt
Press: ? - help, Q - select action, (/) - cycle Shift-Dir - straight line, f - Sigmund
Aim: Sigmund, wielding a +0 scythe and wearing a +0 robe (68% to hit)
The bolt of acid misses Sigmund.
A rat comes into view.
Unknown command.
Aiming: Corrosive Bolt
Press: ? - help, Q - select action, (/) - cycle Shift-Dir - straight line, f/p - Sigmund
Aim: Sigmund, wielding a +0 scythe and wearing a +0 robe (68% to hit)
The bolt of acid hits Sigmund!
The acid corrodes Sigmund!
Sigmund is moderately wounded.
Sigmund casts a spell.
Sigmund flickers and vanishes!
Deactivating autopickup; reactivate with Ctrl-A.
Aiming: Corrosive Bolt
Press: ? - help, Q - select action, (/) - cycle Shift-Dir - straight line, f - you
Okay, then.
Aiming: Corrosive Bolt
Press: ? - help, Q - select action, (/) - cycle Shift-Dir - straight line Unknown command.
Something hits you. Something hits you.
You closely miss something. Something hits you but does no damage.
Aiming: Corrosive Bolt
Press: ? - help, Q - select action, (/) - cycle Shift-Dir - straight line Something hits you!
Ouch! That really hurt!
You die...
Your body crumbles into a pile of gold.

##∩.....∩## #∩.......∩#
#_......._# #_......._#
#_........# ###.........###
#⌠........r..⌠#
######.8......@..8.######
##∩___......###......_._∩##
##∩........8.# #.8........∩###
.............###.............#
..........###...###..........⌠
..........# #.<.# #..........⌠
..........###...###..........⌠
.............###.............#
##∩........8.# #.8........∩###


You could see a rat.

Vanquished Creatures
  A worm (D)
  A bat (D)
2 creatures vanquished.

Notes
Turn   | Place    | Note
-------+----------+-------------------------------------------
     0 | D        | rocky1 the Gargoyle Fighter began the quest for the Orb.
     0 | D        | Reached XP level 1. HP: 14/14 MP: 1/1
     5 | D        | Round 1.
     6 | D        | Found a basalt altar of Yredelemnul.
     6 | D        | Found a corrupted altar of Lugonu.
     7 | D        | Found an ancient bone altar of Kikubaaqudgha.
     7 | D        | Found a hide-covered altar of Uskayaw.
     8 | D        | Found a blossoming altar of Fedhas.
     8 | D        | Found a glowing golden altar of the Shining One.
    11 | D        | Found Qeocrutz's Timeless Talismans.
    11 | D        | Found a glowing silver altar of Zin.
    11 | D        | Found a shadowy altar of Dithmenos.
    11 | D        | Found Oduutsau's Identification Station.
    12 | D        | Found Wismuag's Jewellery.
    12 | D        | Found Luihih's Advanced Armour.
    17 | D        | Found a shimmering blue altar of Sif Muna.
    18 | D        | Found an ornate altar of the Wu Jian Council.
    19 | D        | Found a shimmering altar of Xom.
    20 | D        | Found a radiant altar of Vehumet.
    20 | D        | Found Owiadis's Premium Goods.
    20 | D        | Found Keisk's Weapon Rack.
    21 | D        | Found Aniug's Miscellaneous Merchandise.
    21 | D        | Found Gemeim's Basic Armour.
    24 | D        | Found an iron altar of Okawaru.
    26 | D        | Found a snail-covered altar of Cheibriados.
    27 | D        | Found a stormy altar of Qazlal.
    28 | D        | Found Gebrorph's Do-It-Yourself Clinic.
    28 | D        | Found an opulent altar of Gozag.
    28 | D        | Found a bloodstained altar of Trog.
    28 | D        | Found Iluamp's Distillery.
    29 | D        | Found Loenomeomu's Bottled Wisdom.
    29 | D        | Found Huap's Distillery.
    38 | D        | Became a worshipper of Gozag Ym Sagoz the Greedy
    40 | D        | Found a sacrificial altar of Ru.
    40 | D        | Found a burning altar of Makhleb.
    43 | D        | Found Muog's Staff Store.
    44 | D        | Found Kigoguero's Magic Scroll Shop.
    45 | D        | Found Weeprut's Must-Have Magic.
    45 | D        | Found Bonoalul's Magic Scroll Shop.
    55 | D        | Noticed Sigmund
    66 | D        | Slain by Sigmund

Illustrated notes

Levels and vault maps discovered:
D:        arena_sprint

Action                     || total
---------------------------++-------
  Melee: Flail             ||     9
  Evoke: Wand              ||     4
 Armour: Scale mail        ||     6
  Dodge: Dodged            ||     4
  Block: Buckler           ||     1

Table legend: (Time is in decaauts)
 A = Elapsed time spent in this place.
 B = Non-inter-level travel time spent in this place.
 C = Inter-level travel time spent in this place.
 D = Time resting spent in this place.
 E = Time spent auto-exploring this place.
 F = Levels seen in this place.
 G = Mean time per level.
                   A        B        C        D        E       F      G
               +--------+--------+--------+--------+--------+-----+--------+
         Total |     68 |     68 |      0 |      0 |      0 |   1 |   68.0 |
       Dungeon |     68 |     68 |      0 |      0 |      0 |   1 |   68.0 |
               +--------+--------+--------+--------+--------+-----+--------+

Top non-repeatable levels by time:
       D: 68 daAuts
